 Dungeon Crawl Stone Soup version 0.31-a0-185-g9dded2c639 (webtiles) character file.

Game seed: 3642518853812207328

94 qw the Shooter (level 4, -6/25 HPs)
             Began as a Deep Elf Hunter on June 22, 2023.
             Killed by divine providence
             ... invoked by an orc priest
              (16 damage)
             ... on level 3 of the Dungeon.
             The game lasted 00:00:37 (1469 turns).

qw the Shooter (Deep Elf Hunter)                    Turns: 1469, Time: 00:00:38

Health: -6/25      AC:  6    Str: 10    XL:     4   Next: 38%
Magic:  6/6        EV: 11    Int: 14    God:
Gold:   90         SH:  0    Dex: 18    Spells: 3/3 levels left

rFire   . . .        Y - +0 shortbow
rCold   . . .        (shield currently unavailable)
rNeg    . . .        e - +0 ring mail
rPois   .            l - +0 helmet
rElec   .            (no cloak)
rCorr   .            (no gloves)
SInv    +            (no boots)
Will    .....        (no amulet)
Stlth   +            m - ring of see invisible
HPRegen 0.24/turn    (no ring)
MPRegen 0.10/turn

%: no passive effects
@: no status effects
A: no striking features
a: no special abilities


You were on level 3 of the Dungeon.
You visited 1 branch of the dungeon, and saw 3 of its levels.

You collected 90 gold pieces.


   Skills:
 - Level 1.5 Fighting
 + Level 7.8 Ranged Weapons
 - Level 2.4 Dodging
 - Level 1.2 Stealth


You had 3 spell levels left.
You didn't know any spells.
Your spell library was empty.

Inventory:

Hand Weapons
 Y - a +0 shortbow (weapon)
Armour
 e - a +0 ring mail (worn)
 l - a +0 helmet (worn)
Jewellery
 m - a ring of see invisible (left hand)
Scrolls
 f - a scroll of identify
Potions
 d - a potion of mutation {unknown}
 g - a potion of haste {unknown}
 i - a potion of curing {unknown}
 j - a potion of attraction {unknown}
 k - a potion of invisibility {unknown}
 o - a potion of magic {unknown}

Dungeon Overview and Level Annotations

Branches:
Dungeon (3/15)

Altars:
Sif Muna


Message History

The orc hits you from afar with a +0 trident.
You shoot an arrow. The arrow hits the orc!
You kill the orc!
You shoot an arrow. The arrow hits the orc priest.
The orc priest is heavily wounded.
You shoot an arrow.
The arrow closely misses the orc priest.
The arrow hits the orc wizard.
The orc wizard is lightly wounded.
The orc priest closely misses you. x2
You shoot an arrow.
The arrow closely misses the orc priest.
The arrow hits the orc wizard.
The orc wizard is moderately wounded.
The orc priest calls down the wrath of Beogh upon you.
Beogh smites you!
Ouch! That really hurt!
You shoot an arrow. The arrow barely misses the orc priest.
The arrow closely misses the orc wizard.
The arrow hits the hobgoblin.
You kill the hobgoblin!
The orc priest hits you but does no damage.
You shoot an arrow.
The arrow hits the orc priest but does no damage.
The orc priest is moderately wounded.
The orc priest barely misses you.
You shoot an arrow.
The arrow closely misses the orc priest.
The arrow barely misses the orc wizard.
The arrow closely misses the orc.
The orc priest looks braver for a moment.
You shoot an arrow. The arrow hits the orc priest.
The orc priest is heavily wounded.
The orc priest closely misses you.
You shoot an arrow. The arrow barely misses the orc priest.
The arrow hits the orc wizard but does no damage.
The orc wizard is moderately wounded.
The orc priest invokes the aid of Beogh against you.
Beogh smites you!
Ouch! That really hurt!
You die...

#..>.....>..#
#.....7.....#
#...........#
#..7...7..##
#.......##
####.####### .
#.......#
..).#####.####.#
#..ooo@....#
....#####.#.# .
#.#.# #.# . ...
.. 8.. .# ..##
.# ##


You could see an orc priest, an orc wizard (invisible) and an orc.

Vanquished Creatures
  An orc wizard (D:3)
  A gnoll (D:1)
  An adder (D:2)
  A dart slug (D:1)
  6 orcs (D:3)
  7 endoplasms
  2 giant cockroaches (D:1)
  2 hobgoblins
  4 kobolds
  A quokka (D:1)
  6 ball pythons
  5 bats
  3 frilled lizards (D:1)
  A goblin (D:2)
41 creatures vanquished.

Notes
Turn   | Place    | Note
-------+----------+-------------------------------------------
     0 | D:1      | qw the Deep Elf Hunter began the quest for the Orb.
     0 | D:1      | Reached XP level 1. HP: 12/12 MP: 3/3
     0 | D:1      | 0 ||| qw: Version: 0.3-a-9-g12657ce
     0 | D:1      | 0 ||| qw: Game counter: 1929
     0 | D:1      | 0 ||| qw: Always use a shield: true
     0 | D:1      | 0 ||| qw: God list: Okawaru
     0 | D:1      | 0 ||| qw: Allow faded altars: false
     0 | D:1      | 0 ||| qw: Do Orc after D:15 true
     0 | D:1      | 0 ||| qw: Do second Lair branch before Depths: true
     0 | D:1      | 0 ||| qw: Lair rune preference: random
     0 | D:1      | 0 ||| qw: Plans: Normal
     0 | D:1      | 0 ||| PLANNING D:1-11
   128 | D:1      | Reached XP level 2. HP: 16/16 MP: 4/4
   159 | D:1      | Reached skill level 6 in Ranged Weapons
   416 | D:1      | Reached XP level 3. HP: 20/20 MP: 5/5
   524 | D:1      | 524 ||| UPGRADING to +0 helmet.
   529 | D:1      | 529 ||| READING scroll labelled OTUGEUPPYE.
   534 | D:1      | 534 ||| READING 2 scrolls labelled PUGEPS KUSMOWUNG.
   535 | D:1      | 535 ||| READING scroll labelled KADAQO BANEMYC.
   536 | D:1      | 536 ||| READING scroll labelled GYUC LAVYS.
   537 | D:1      | 537 ||| DROPPING scroll of butterflies.
   733 | D:2      | Reached skill level 7 in Ranged Weapons
   986 | D:2      | Found a shimmering blue altar of Sif Muna.
  1170 | D:2      | 1170 ||| UPGRADING to +0 ring mail.
  1180 | D:2      | 1180 ||| DROPPING +0 leather armour.
  1181 | D:2      | 1181 ||| UPGRADING to ring of see invisible.
  1182 | D:2      | 1182 ||| READING scroll labelled TEJ OQIZXOTETZ.
  1183 | D:2      | 1183 ||| READING scroll labelled LOIGOH PEPIMISCH.
  1221 | D:2      | 1221 ||| DRINKING 3 fuming coppery potions.
  1230 | D:2      | 1230 ||| DROPPING 2 potions of ambrosia.
  1282 | D:3      | HP: 5/20 [orc wizard/+0 dagger (4)]
  1283 | D:3      | 1283 ||| READING scroll of teleportation.
  1285 | D:3      | Reached XP level 4. HP: 6/25 MP: 6/6
  1469 | D:3      | Killed from afar by an orc priest

Levels and vault maps discovered:
D:1:      scummos_arrival_hexagon, layout_basic
D:2:      layout_loops_ring, basic_altar, skrybe_limestone_x
D:3:      layout_loops_corners, tgw_trog, serial_forest,
          infiniplex_forest_clump_tiny, infiniplex_forest_clump_long,
          infiniplex_forest_lined_room_3, infiniplex_forest_lined_2,
          infiniplex_forest_straight_3, infiniplex_forest_clump_double,
          infiniplex_forest_join, infiniplex_forest_lined_corner,
          grunt_ministairs_10, mrwooster_statue_mirror, feat_on_display

Skill      XL: |  1  2  3 |
---------------+----------+-----
Ranged Weapons | 6 7 |  7.8
Fighting       | |  1.5
Dodging        | |  2.4
Stealth        | |  1.2

Action                     |  1- 3 |  4- 6 || total
---------------------------+-------+-------++-------
   Fire: Shortbow          |    90 |    21 ||   111
    Use: Scroll            |     7 |       ||     7
         Potion            |     1 |       ||     1
 Armour: Leather armour    |    13 |       ||    13
         Ring mail         |       |     2 ||     2
  Dodge: Dodged            |    20 |     6 ||    26

Table legend:
 A = Non-vault XP
 B = Vault XP
 C = Vault XP percentage of total XP
 D = Non-vault monster count
 E = Vault monster count
 F = Vault count percentage of total count
                 A         B        C        D         E       F
            +---------+---------+-------+---------+---------+-------
      Total |     133 |       2 |   1.5 |      40 |       1 |   2.4
            +---------+---------+-------+---------+---------+-------
        D:1 |      45 |       0 |   0.0 |      19 |       0 |   0.0
        D:2 |      30 |       0 |   0.0 |      11 |       0 |   0.0
        D:3 |      58 |       2 |   3.3 |      10 |       1 |   9.1
            +---------+---------+-------+---------+---------+-------
